 Dungeon Crawl Stone Soup version 0.20.1-1-g8b1a95d (webtiles) character file.

336 slep the Skirmisher (level 6, -6/45 HPs)
             Began as a Halfling Wanderer on Oct 24, 2017.
             Killed from afar by an orc wizard (12 damage)
             ... with a puff of flame
             ... on level 3 of the Dungeon.
             The game lasted 00:12:13 (2090 turns).

slep the Skirmisher (Halfling Wanderer)             Turns: 2090, Time: 00:12:14

Health: -6/45      AC:  6    Str: 15    XL:     6   Next: 84%
Magic:  6/6        EV: 17    Int:  8    God:
Gold:   88         SH:  0    Dex: 16    Spells: 5/5 levels left

rFire    . . .     SeeInvis .   w - -2 short sword (curse)
rCold    . . .     Gourm    .   (shield restricted)
rNeg     . . .     Faith    .   a - +0 leather armour
rPois    .         Spirit   .   r - +0 helmet
rElec    .         Reflect  .   p - +0 cloak
rCorr    .         Harm     .   u - +0 pair of gloves
MR       +....                  (no boots)
Stlth    ++........             (no amulet)
Regen    0.2/turn               i - ring of protection from magic
MPRegen  0.1/turn               (no ring)

@: no status effects
A: mutation resistance 1
a: no special abilities


You were on level 3 of the Dungeon.
You were hungry.

You visited 1 branch of the dungeon, and saw 4 of its levels.

You collected 88 gold pieces.

Inventory:

Hand Weapons
 c - a +0 quarterstaff
 d - a +0 spear
 o - a cursed -2 dagger
 w - a cursed -2 short sword (weapon)
Missiles
 b - 4 throwing nets (quivered)
 q - 5 tomahawks
Armour
 a - a +0 leather armour (worn)
 p - a +0 cloak (worn)
 r - a +0 helmet (worn)
 u - a +0 pair of gloves (worn)
Jewellery
 i - a ring of protection from magic (left hand)
Scrolls
 e - a scroll of teleportation {unknown}
 k - 5 scrolls of remove curse {unknown}
 l - a scroll of enchant armour {unknown}
 n - a scroll of identify {unknown}
 s - 4 scrolls of magic mapping {unknown}
 t - a scroll of blinking {unknown}
Comestibles
 f - 2 bread rations
 g - 2 meat rations
 h - 7 fruits
 j - a royal jelly
 v - 2 chunks of flesh


   Skills:
 + Level 5.4 Fighting
 + Level 3.2 Polearms
 + Level 2.2 Armour
 + Level 4.6 Dodging
 + Level 1.9 Stealth
   Level 1.1 Shields


You had 5 spell levels left.
You didn't know any spells.

Dungeon Overview and Level Annotations

Branches:
Dungeon (4/15)
 Temple: D:4-7

Altars:


Innate Abilities, Weirdness & Mutations

You are small and have problems with some larger weapons.
You are somewhat resistant to further mutation.


Message History

The orc wizard is heavily wounded.
The orc wizard mumbles some strange words.
The orc wizard flickers and vanishes!
Deactivating autopickup; reactivate with Ctrl-A.
Something hits you but does no damage.
You barely miss something.
You hear some strange, mumbled words.
A puff of flame appears from out of thin air!
The puff of flame misses you.
You barely miss something. Something hits you but does no damage.
You completely miss something. Something hits you but does no damage.
You are feeling hungry.
You barely miss something. Something hits you but does no damage.
You closely miss something. Something hits you.
* * * LOW HITPOINT WARNING * * *
You completely miss something.
You hear some strange, mumbled words.
A puff of flame appears from out of thin air!
The puff of flame hits you!
You die...

.....# #...# #.# #......###
#.##.# #...# ####.####.##.###
#.##.#####...###.......#.##.#####
..#...)........#.##.##......#....
#.#..###.#...#.#.##.........#.###
.....###.#.....#.#####.#.##.#.##.
..#.#........#.#.#####.#......##(
###.#.##.##.###.{).....####......
#.#.##.#.## ##@..###.####.(.<..
#.........###[##.###......#####
####......#.#........#######
#........###.#.##.##.#
#†#........###.##.##.#
##.#.#.#..#.# #.##.##.#
.....).#..#.###.##.##.#
##.#..##......#.##.##.#
##.#..........#.......#


There were no monsters in sight!

Vanquished Creatures
  Menkaure (D:4)
  A jelly (D:4)
  A bullfrog skeleton (D:4)
  An orc wizard (D:3)
  5 adders
  An ooze (D:2)
  An adder skeleton (D:4)
  2 dart slugs
  2 leopard geckos
  9 orcs
  5 bats
  3 giant cockroaches (D:3)
  4 goblins (D:1)
  9 hobgoblins
  8 kobolds
  A quokka (D:3)
  2 frilled lizards
  10 rats
66 creatures vanquished.

Notes
Turn   | Place    | Note
-------+----------+-------------------------------------------
     0 | D:1      | slep the Halfling Wanderer began the quest for the Orb.
     0 | D:1      | slep set off with: a +0 leather armour, 4 throwing nets, a +0 quarterstaff, a +0 spear, a bread ration
     0 | D:1      | Reached XP level 1. HP: 18/18 MP: 1/1
   127 | D:1      | Reached XP level 2. HP: 11/23 MP: 2/2
   250 | D:1      | Reached skill level 5 in Fighting
   367 | D:1      | Reached XP level 3. HP: 29/29 MP: 3/3
  1032 | D:3      | Reached skill level 1 in Polearms
  1032 | D:3      | Reached XP level 4. HP: 23/35 MP: 4/4
  1299 | D:3      | Reached skill level 1 in Armour
  1398 | D:3      | Reached XP level 5. HP: 28/39 MP: 5/5
  1647 | D:4      | Noticed Menkaure
  1657 | D:4      | Killed Menkaure
  1657 | D:4      | Reached XP level 6. HP: 13/45 MP: 6/6
  2090 | D:3      | Killed from afar by an orc wizard

Skill      XL: |  1  2  3  4  5  6 |
---------------+-------------------+-----
Fighting       | 5 |  5.4
Polearms       | 1 2 3 |  3.2
Armour         | 1 2 |  2.2
Dodging        | 4 |  4.6
Stealth        | |  1.9
Shields        | |  1.1

Action                   |  1- 3 |  4- 6 || total
-------------------------+-------+-------++-------
Melee: Spear             |   133 |   176 ||   309
       Short sword       |       |    54 ||    54
  Use: Potion            |       |     4 ||     4
 Stab: Sleeping          |     2 |     3 ||     5
       Distracted        |       |     2 ||     2
  Eat: Chunk             |       |     4 ||     4
Armor: Leather armour    |    15 |    47 ||    62
Dodge: Dodged            |    96 |   171 ||   267
